 Dungeon Crawl Stone Soup version 0.29.0-4-gdea44cf6ec (webtiles) character file.

Game seed: 7301056482887548929

6829 qw the Cleaver (level 11, 0/68 HPs)
             Began as a Gargoyle Fighter on Sept 6, 2022.
             Was a Priest of Okawaru.
             Slain by a vampire (7 damage)
             ... on level 11 of the Dungeon.
             The game lasted 00:04:10 (10155 turns).

qw the Cleaver (Gargoyle Fighter)                  Turns: 10155, Time: 00:04:10

Health: 0/68       AC: 22    Str: 25    XL:     11   Next: 5%
Magic:  14/14      EV:  6    Int:  8    God:    Okawaru [***...]
Gold:   563        SH:  0    Dex:  9    Spells: 10/10 levels left

rFire   + . .      SeeInvis .   Y - +2 war axe (protect)
rCold   . . .      Faith    .   s - +0 kite shield
rNeg    + . .      Spirit   .   h - +0 plate armour
rPois   inf        Reflect  +   (no helmet)
rElec   +          Harm     .   k - +0 cloak
rCorr   .          Rampage  .   (no gloves)
Will    .....                   (no boots)
Stlth   ..........              n - amulet of reflection
HPRegen 0.21/turn               g - ring of protection from fire
MPRegen 0.14/turn               a - +4 ring of slaying {mikee}

@: confused
A: sickness immunity, AC +8, negative energy resistance 1, electricity
resistance, torment resistance 1, petrification resistance
a: Renounce Religion, Heroism


You were on level 11 of the Dungeon.
You worshipped Okawaru.
Okawaru was most pleased with you.
You visited 2 branches of the dungeon, and saw 12 of its levels.

You collected 563 gold pieces.


Innate Abilities, Weirdness & Mutations

You are immune to sickness and miasma.
Your stone body is resilient. (AC +8)
You are immune to poison.
You resist negative energy. (rN+)
You are resistant to electric shocks. (rElec)
You are resistant to unholy torment.
You are immune to petrification.


   Skills:
 - Level 8.1 Fighting
 + Level 10.1 Axes
 - Level 1.3 Throwing
 - Level 6.4 Armour
 - Level 1.4 Dodging
 - Level 9.1 Shields
 - Level 4.5 Invocations


You had 10 spell levels left.
You didn't know any spells.
Your spell library was empty.

Inventory:

Hand Weapons
 t - a +1 morningstar of protection
 Y - a +2 war axe of protection (weapon)
Armour
 h - a +0 plate armour (worn)
 k - a +0 cloak (worn)
 s - a +0 kite shield (worn)
Jewellery
 a - a +4 ring of slaying (right hand) {mikee}
 g - a ring of protection from fire (left hand)
 n - an amulet of reflection (around neck)
 r - a ring of protection from fire
 u - a ring of resist corrosion
Scrolls
 b - 6 scrolls of teleportation
 f - 7 scrolls of identify
 p - a scroll of blinking
Potions
 d - 2 potions of might
 e - 2 potions of resistance
 i - a potion of haste
 j - a potion of lignification
 m - a potion of heal wounds
 q - a potion of mutation

Dungeon Overview and Level Annotations

Branches:
Dungeon (11/15)            Temple (1/1) D:7
   Lair: D:8-11         Orc: D:9-12

Altars:
Ashenzari
Cheibriados
Dithmenos
Nemelex Xobeh
Okawaru
Qazlal
Trog
Uskayaw
Vehumet
Wu Jian
Yredelemnul
Zin
The Shining One

Shops:
D:5 =


Message History

You're too confused to attack without stumbling around!
There is a strange disturbance nearby!
Something hits you. Something bites you but does no damage.
You're too confused to attack without stumbling around!
There is a strange disturbance nearby!
Something hits you but does no damage. Something bites you but does no damage.
You're too confused to attack without stumbling around!
There is a strange disturbance nearby!
Something hits you but does no damage. Something bites you but does no damage.
You're too confused to attack without stumbling around!
There is a strange disturbance nearby!
You feel less confused. Something hits you but does no damage.
Something bites you but does no damage.
You miss something.
You hear some strange, mumbled words.
You are confused.
Something hits you but does no damage. Something completely misses you.
You're too confused to attack without stumbling around!
There is a strange disturbance nearby!
Something hits you but does no damage. Something completely misses you.
You're too confused to attack without stumbling around!
There is a strange disturbance nearby!
You hear some strange, mumbled words.
You are more confused.
You're too confused to attack without stumbling around!
There is a strange disturbance nearby!
Something hits you but does no damage. Something bites you but does no damage.
You're too confused to attack without stumbling around!
There is a strange disturbance nearby!
Something hits you but does no damage. Something bites you.
You're too confused to attack without stumbling around!
There is a strange disturbance nearby!
Something hits you but does no damage. Something bites you!
You're too confused to attack without stumbling around!
There is a strange disturbance nearby!
Something hits you! Something bites you but does no damage.
You're too confused to attack without stumbling around!
There is a strange disturbance nearby!
Something hits you!
You die...

# . . # . . # ##. .###.
##.###.#. #...#...#
#.#...#...#### ##
#.#...#.{.#.. ..
#.##.###@# ... ### ..
#.###...###. .###. .###.
#.##.....#.###.#. .#.##
#.#.#...#...#...# #...#
#.#.#####...#...#####...#
#...#...#...#[..#...#...#
#.##.....#.###.#%%...#.##
#..##...###...###...###..
######### ##.....###....#


There were no monsters in sight!

Vanquished Creatures
  An unseen horror (D:10)
  A troll (D:9)
  Sigmund (D:2)
  3 wyverns
  Grum (D:10)
  3 steam dragons
  6 yaks (D:9)
  4 vampire mosquitoes (D:10)
  A water moccasin (D:5)
  A black bear (D:7)
  An orc warrior (D:9)
  2 ice beasts (D:7)
  2 ogres
  3 wolves (D:10)
  7 centaurs
  2 phantoms
  A kobold brigand (D:9)
  A bullfrog (D:8)
  A necrophage (D:5)
  3 gnoll sergeants
  3 scorpions
  5 wights (D:8)
  8 killer bees
  6 howler monkeys
  A gnoll bouda (D:8)
  A hound (D:7)
  6 jellies
  An orc priest (D:9)
  An iguana (D:6)
  9 orc wizards
  20 gnolls
  10 adders
  A shadow imp (D:7)
  An ufetubus (D:4)
  4 worms
  5 dart slugs
  32 orcs
  An endoplasm (D:2)
  5 giant cockroaches
  2 goblins
  6 hobgoblins
  8 jackals
  5 quokkas
  3 ball pythons
  5 bats
  3 frilled lizards
  9 kobolds
  8 rats
214 creatures vanquished.

Vanquished Creatures (others)
  An iguana (D:5)
  A kobold (D:9)
2 creatures vanquished.

Grand Total: 216 creatures vanquished

Notes
Turn   | Place    | Note
-------+----------+-------------------------------------------
     0 | D:1      | qw the Gargoyle Fighter began the quest for the Orb.
     0 | D:1      | Reached XP level 1. HP: 14/14 MP: 1/1
     0 | D:1      | 0 ||| qw: Version: 0.1-a-108-g9e35731
     0 | D:1      | 0 ||| qw: Game counter: 6210
     0 | D:1      | 0 ||| qw: Always use a shield: true
     0 | D:1      | 0 ||| qw: God list: Okawaru
     0 | D:1      | 0 ||| qw: Allow faded altars: false
     0 | D:1      | 0 ||| qw: Do Orc after D:15 true
     0 | D:1      | 0 ||| qw: Do second Lair branch before Depths: true
     0 | D:1      | 0 ||| qw: Lair rune preference: random
     0 | D:1      | 0 ||| qw: Plans: Normal, Zot, God:TSO, Crypt, Tomb, Zig,
                  | Orb
     0 | D:1      | 0 ||| PLANNING D:1-11
    72 | D:1      | Reached skill level 2 in Axes
   277 | D:1      | 277 ||| Stepping ~*~*~tactically~*~*~ (stealth).
   282 | D:1      | 282 ||| Stepping ~*~*~tactically~*~*~ (stealth).
   283 | D:1      | 283 ||| Stepping ~*~*~tactically~*~*~ (stealth).
   338 | D:1      | 338 ||| Stepping ~*~*~tactically~*~*~ (stealth).
   340 | D:1      | 340 ||| Stepping ~*~*~tactically~*~*~ (stealth).
   352 | D:1      | Reached XP level 2. HP: 19/19 MP: 2/2
   753 | D:1      | 753 ||| Stepping ~*~*~tactically~*~*~ (stealth).
   763 | D:1      | Reached skill level 3 in Axes
   773 | D:1      | Reached XP level 3. HP: 15/23 MP: 3/3
  1179 | D:1      | 1179 ||| UPGRADING to amulet of reflection.
  1184 | D:1      | 1184 ||| READING 2 scrolls labelled NAM ASIROWIOJ.
  1185 | D:1      | 1185 ||| READING scroll labelled OBLYUL PAMP.
  1188 | D:1      | 1188 ||| READING scroll labelled PAFEOM DORUMEGRUF.
  1189 | D:1      | 1189 ||| READING scroll labelled FEBAHEANEOS.
  1190 | D:1      | 1190 ||| READING scroll labelled YZONOTIEDA.
  1191 | D:1      | 1191 ||| READING scroll labelled TEUGIA QOGUVYSCH.
  1192 | D:1      | 1192 ||| DRINKING 2 viscous blue potions.
  1193 | D:1      | 1193 ||| DRINKING 3 smoky emerald potions.
  1194 | D:1      | 1194 ||| DROPPING scroll of vulnerability.
  1205 | D:2      | 1205 ||| STAIRDANCE
  1214 | D:2      | 1214 ||| STAIRDANCE
  1309 | D:2      | Noticed Sigmund
  1321 | D:2      | Killed Sigmund
  1322 | D:2      | Reached skill level 5 in Axes
  1322 | D:2      | Reached XP level 4. HP: 19/28 MP: 4/4
  1322 | D:2      | Reached XP level 5. HP: 22/32 MP: 5/5
  1420 | D:2      | 1420 ||| DROPPING +0 club.
  1511 | D:2      | 1511 ||| Stepping ~*~*~tactically~*~*~ (stealth).
  1513 | D:2      | 1513 ||| Stepping ~*~*~tactically~*~*~ (stealth).
  1522 | D:2      | 1522 ||| Stepping ~*~*~tactically~*~*~ (stealth).
  1625 | D:2      | 1625 ||| Stepping ~*~*~tactically~*~*~ (hiding).
  1626 | D:2      | 1626 ||| Stepping ~*~*~tactically~*~*~ (hiding).
  1700 | D:2      | You fall into a shaft and drop 2 floors!
  1704 | D:4      | 1704 ||| PLANNING SEWER
  1775 | D:4      | Reached XP level 6. HP: 33/38 MP: 6/6
  1838 | D:4      | 1838 ||| Stepping ~*~*~tactically~*~*~ (hiding).
  1931 | D:4      | Reached skill level 1 in Dodging
  1967 | D:4      | 1967 ||| Stepping ~*~*~tactically~*~*~ (hiding).
  2103 | D:4      | 2103 ||| DROPPING +0 mace.
  2157 | D:4      | Reached XP level 7. HP: 41/43 MP: 7/7
  2246 | D:4      | Found a glowing drain.
  2255 | D:4      | 2255 ||| UPGRADING to +0 chain mail of poison resistance.
  2265 | D:4      | 2265 ||| DROPPING +0 scale mail.
  2266 | D:4      | 2266 ||| DROPPING amulet of faith.
  2267 | D:4      | 2267 ||| UPGRADING to ring of protection from fire.
  2268 | D:4      | 2268 ||| READING 3 scrolls labelled HIYSHR POFITOM.
  2269 | D:4      | 2269 ||| DRINKING 2 fizzy brown potions.
  2270 | D:4      | 2270 ||| DRINKING 2 clear potions.
  2340 | D:4      | 2340 ||| DRINKING 2 grey potions.
  2341 | D:4      | 2341 ||| READING 2 scrolls of identify.
  2341 | D:4      | 2341 ||| IDENTIFYING ruby potion
  2342 | D:4      | 2342 ||| DROPPING potion of flight.
  2537 | D:4      | Reached skill level 6 in Axes
  2561 | D:4      | 2561 ||| Stepping ~*~*~tactically~*~*~ (stealth).
  2781 | D:4      | 2781 ||| RIP SEWER
  2781 | D:4      | 2781 ||| PLANNING D:1-11
  2781 | D:4      | 2781 ||| UPGRADING to +4 ring of slaying {mikee}.
  2782 | D:4      | 2782 ||| READING scroll labelled JIUXTU IXZU.
  3650 | D:3      | 3650 ||| DROPPING ring of wizardry.
  3651 | D:3      | 3651 ||| READING scroll labelled BAXODOYCAO.
  3752 | D:3      | 3752 ||| READING 2 scrolls of identify.
  3752 | D:3      | 3752 ||| IDENTIFYING purple potion
  3753 | D:3      | 3753 ||| DROPPING potion of ambrosia.
  3983 | D:5      | Entered Level 5 of the Dungeon
  4063 | D:5      | 4063 ||| Stepping ~*~*~tactically~*~*~ (hiding).
  4064 | D:5      | 4064 ||| Stepping ~*~*~tactically~*~*~ (hiding).
  4065 | D:5      | 4065 ||| Stepping ~*~*~tactically~*~*~ (hiding).
  4066 | D:5      | 4066 ||| Stepping ~*~*~tactically~*~*~ (hiding).
  4067 | D:5      | 4067 ||| Stepping ~*~*~tactically~*~*~ (hiding).
  4068 | D:5      | 4068 ||| Stepping ~*~*~tactically~*~*~ (hiding).
  4076 | D:5      | Reached skill level 7 in Axes
  4076 | D:5      | 4076 ||| FLEEEEING.
  4077 | D:5      | 4077 ||| DRINKING potion of curing.
  4077 | D:5      | 4077 ||| (to cure confusion)
  4104 | D:5      | HP: 9/43 [orc wizard/+0 dagger (4)]
  4105 | D:5      | 4105 ||| DRINKING 3 potions of heal wounds.
  4285 | D:5      | Found a radiant altar of Vehumet.
  4311 | D:5      | Found Cuifon's Jewellery Boutique.
  4321 | D:5      | 4321 ||| SHOPLISTING +4 ring of protection (432 gold, have
                  | 194).
  4321 | D:5      | 4321 ||| SHOPLISTING +6 ring of dexterity (432 gold, have
                  | 194).
  4321 | D:5      | 4321 ||| SHOPLISTING ring of protection from fire (300
                  | gold, have 194).
  4321 | D:5      | 4321 ||| SHOPLISTING ring of resist corrosion (240 gold,
                  | have 194).
  4321 | D:5      | 4321 ||| SHOPLISTING ring of the Pariah {rF+ rN+ Will+}
                  | (518 gold, have 194).
  4340 | D:5      | Reached XP level 8. HP: 49/49 MP: 8/8
  5040 | D:5      | 5040 ||| UPGRADING to +0 cloak.
  5045 | D:5      | 5045 ||| DROPPING amulet of regeneration.
  5124 | D:6      | 5124 ||| Stepping ~*~*~tactically~*~*~ (hiding).
  5125 | D:6      | 5125 ||| Stepping ~*~*~tactically~*~*~ (hiding).
  5126 | D:6      | 5126 ||| Stepping ~*~*~tactically~*~*~ (hiding).
  5337 | D:6      | Reached skill level 8 in Axes
  5726 | D:6      | 5726 ||| UPGRADING to +0 plate armour.
  5736 | D:6      | 5736 ||| DROPPING +0 chain mail of poison resistance.
  5911 | D:7      | 5911 ||| DRINKING 3 potions of curing.
  5911 | D:7      | 5911 ||| (to cure confusion)
  5916 | D:7      | 5916 ||| DRINKING 2 potions of curing.
  5916 | D:7      | 5916 ||| (to cure confusion)
  6122 | D:7      | Reached skill level 6 in Fighting
  6351 | D:7      | Noticed a wyvern
  6357 | D:7      | Killed a wyvern
  6358 | D:7      | Reached XP level 9. HP: 41/56 MP: 9/9
  6473 | D:7      | Found a staircase to the Ecumenical Temple.
  6474 | D:7      | 6474 ||| PLANNING TEMPLE
  6474 | D:7      | 6474 ||| READING 2 scrolls labelled HILUXKOITU.
  6475 | D:7      | 6475 ||| READING 6 scrolls of identify.
  6475 | D:7      | 6475 ||| IDENTIFYING puce potion
  6476 | D:7      | 6476 ||| DROPPING potion of degeneration.
  6496 | D:7      | Reached skill level 9 in Axes
  6855 | D:7      | 6855 ||| READING 6 scrolls of identify.
  6855 | D:7      | 6855 ||| IDENTIFYING glowing ruby potion
  6878 | Temple   | Entered the Ecumenical Temple
  6904 | Temple   | Became a worshipper of Warmaster Okawaru
  6907 | Temple   | 6907 ||| PLANNING D:1-11
  6967 | D:8      | 6967 ||| Stepping ~*~*~tactically~*~*~ (hiding).
  6968 | D:8      | 6968 ||| Stepping ~*~*~tactically~*~*~ (hiding).
  6970 | D:8      | 6970 ||| Stepping ~*~*~tactically~*~*~ (hiding).
  6971 | D:8      | 6971 ||| Stepping ~*~*~tactically~*~*~ (hiding).
  6972 | D:8      | 6972 ||| Stepping ~*~*~tactically~*~*~ (hiding).
  6973 | D:8      | 6973 ||| Stepping ~*~*~tactically~*~*~ (hiding).
  6992 | D:8      | HP: 10/56 [gnoll/+0 halberd[a gnoll sergeant] (8)]
  6993 | D:8      | 6993 ||| READING 3 scrolls of teleportation.
  6994 | D:8      | 6994 ||| DRINKING 2 potions of heal wounds.
  7168 | D:8      | 7168 ||| Stepping ~*~*~tactically~*~*~ (stealth).
  7169 | D:8      | 7169 ||| Stepping ~*~*~tactically~*~*~ (hiding).
  7568 | D:8      | 7568 ||| Stepping ~*~*~tactically~*~*~ (stealth).
  7569 | D:8      | 7569 ||| Stepping ~*~*~tactically~*~*~ (stealth).
  7580 | D:8      | Reached * piety under Okawaru
  7581 | D:8      | Reached skill level 6 in Armour
  7581 | D:8      | 7581 ||| INVOKING Heroism.
  7585 | D:8      | Reached skill level 1 in Invocations
  7630 | D:8      | 7630 ||| DROPPING +0 flail.
  7632 | D:8      | Found a broken altar of Ashenzari.
  7672 | D:8      | 7672 ||| INVOKING Heroism.
  7972 | D:8      | 7972 ||| UPGRADING to +0 kite shield.
  7982 | D:8      | 7982 ||| DROPPING +0 buckler.
  7983 | D:8      | 7983 ||| READING scroll labelled KANICI KARI.
  8044 | D:9      | 8044 ||| INVOKING Heroism.
  8049 | D:9      | Reached skill level 3 in Invocations
  8108 | D:9      | 8108 ||| INVOKING Heroism.
  8114 | D:9      | Reached XP level 10. HP: 52/63 MP: 9/13
  8117 | D:9      | Reached ** piety under Okawaru
  8118 | D:9      | Reached skill level 6 in Shields
  8133 | D:9      | 8133 ||| INVOKING Heroism.
  8279 | D:9      | 8279 ||| INVOKING Heroism.
  8355 | D:9      | 8355 ||| DROPPING +3 flail of freezing.
  8407 | D:9      | 8407 ||| INVOKING Heroism.
  8416 | D:9      | Reached skill level 1 in Throwing
  8566 | D:9      | 8566 ||| INVOKING Heroism.
  8712 | D:9      | 8712 ||| DROPPING amulet of guardian spirit.
  8744 | D:10     | Entered Level 10 of the Dungeon
  8784 | D:10     | 8784 ||| Stepping ~*~*~tactically~*~*~ (hiding).
  8785 | D:10     | 8785 ||| Stepping ~*~*~tactically~*~*~ (hiding).
  8787 | D:10     | 8787 ||| INVOKING Heroism.
  8827 | D:10     | Found a snail-covered altar of Cheibriados.
  8843 | D:10     | 8843 ||| INVOKING Heroism.
  8973 | D:10     | 8973 ||| Stepping randomly (disturbance).
  8982 | D:10     | Killed an unseen horror
  9048 | D:10     | Reached *** piety under Okawaru
  9075 | D:10     | Noticed Grum
  9076 | D:10     | 9076 ||| INVOKING Heroism.
  9084 | D:10     | Killed Grum
  9085 | D:10     | Reached skill level 9 in Shields
  9237 | D:10     | 9237 ||| INVOKING Heroism.
  9251 | D:10     | Reached skill level 10 in Axes
  9649 | D:10     | 9649 ||| DROPPING amulet of magic regeneration.
  9650 | D:10     | 9650 ||| READING scroll labelled BEGRAA FAIRUE.
  9651 | D:10     | 9651 ||| DRINKING 2 fuming emerald potions.
  9652 | D:10     | 9652 ||| DROPPING potion of brilliance.
  9743 | D:11     | 9743 ||| Stepping ~*~*~tactically~*~*~ (hiding).
  9745 | D:11     | 9745 ||| Stepping ~*~*~tactically~*~*~ (hiding).
  9753 | D:11     | 9753 ||| INVOKING Heroism.
  9891 | D:11     | 9891 ||| Stepping ~*~*~tactically~*~*~ (stealth).
  9898 | D:11     | Reached XP level 11. HP: 56/68 MP: 14/14
 10098 | D:11     | 10098 ||| READING scroll of enchant weapon.
 10098 | D:11     | 10098 ||| ENCHANTING +1 war axe of protection.
 10125 | D:11     | 10125 ||| DRINKING 2 potions of curing.
 10125 | D:11     | 10125 ||| (to cure confusion)
 10128 | D:11     | 10128 ||| DRINKING potion of curing.
 10128 | D:11     | 10128 ||| (to cure confusion)
 10153 | D:11     | HP: 14/68 [something (8)]
 10155 | D:11     | Slain by a vampire

Levels and vault maps discovered:
D:1:      dpeg_arrival_central, layout_basic, nicolae_titane
D:2:      layout_basic, uniq_sigmund
D:3:      layout_loops_ring
D:4:      layout_gridville, portal_sewer_entry_f, nicolae_figureground_pulse
D:5:      layout_rooms, fiery_altar_vehumet, nicolae_stop_n_shop_2,
          chequers_serial_rivers_small_b, chequers_serial_rivers_small_b,
          hex_intersection
D:6:      layout_cave_pools, kennysheep_cross_room
D:7:      layout_loops_corners, temple_pool_b
D:8:      layout_basic, evilmike_ruin_ashenzari
D:9:      layout_long_grid
D:10:     layout_long_grid, mainiacjoe_overflow_paths, uniq_grum
D:11:     nicolae_cairo_tiling, layout_loops_ring, lair_entry_dummy,
          serial_shops, shop, uniq_gastronok, uniq_urug
Temple:   compressed_dpeg_triangle_lava_temple

Skill      XL: |  1  2  3  4  5  6  7  8  9 10 11 |
---------------+----------------------------------+-----
Axes           | 2 3 5 7 8 9 10 | 10.1
Fighting       | 4 5 6 7 8 |  8.1
Dodging        | 1 |  1.4
Armour         | 5 6 |  6.4
Shields        | 5 9 |  9.1
Invocations    | 4 |  4.5
Throwing       | 1 |  1.3

Action                   |  1- 3 |  4- 6 |  7- 9 | 10-12 || total
-------------------------+-------+-------+-------+-------++-------
Melee: War axe           |    95 |    74 |   363 |   174 ||   706
Throw: Boomerang         |       |       |     5 |     2 ||     7
Invok: Heroism           |       |       |     4 |     9 ||    13
  Use: Scroll            |     6 |       |    10 |     2 ||    18
       Potion            |     2 |       |     8 |     3 ||    13
Armor: Scale mail        |    66 |    23 |     7 |       ||    96
       Chain mail        |       |       |   101 |       ||   101
       Plate armour      |       |       |   103 |   116 ||   219
Dodge: Dodged            |    49 |    12 |    96 |    31 ||   188
Block: Buckler           |    32 |    27 |   176 |       ||   235
       Reflection        |       |     2 |     1 |    10 ||    13
       Kite shield       |       |       |    15 |   163 ||   178

Table legend:
 A = Non-vault XP
 B = Vault XP
 C = Vault XP percentage of total XP
 D = Non-vault monster count
 E = Vault monster count
 F = Vault count percentage of total count
                 A         B        C        D         E       F
            +---------+---------+-------+---------+---------+-------
      Total |    8962 |     795 |   8.1 |     203 |      11 |   5.1
            +---------+---------+-------+---------+---------+-------
        D:1 |      58 |       0 |   0.0 |      28 |       0 |   0.0
        D:2 |      40 |     226 |  85.0 |      12 |       1 |   7.7
        D:3 |      42 |       0 |   0.0 |       9 |       0 |   0.0
        D:4 |     379 |      12 |   3.1 |      24 |       6 |  20.0
        D:5 |     643 |       0 |   0.0 |      15 |       0 |   0.0
        D:6 |     474 |       0 |   0.0 |      14 |       0 |   0.0
        D:7 |    1022 |       0 |   0.0 |      12 |       0 |   0.0
        D:8 |    1319 |       0 |   0.0 |      26 |       0 |   0.0
        D:9 |    2229 |       0 |   0.0 |      27 |       0 |   0.0
       D:10 |    1800 |     557 |  23.6 |      22 |       4 |  15.4
       D:11 |     956 |       0 |   0.0 |      14 |       0 |   0.0
            +---------+---------+-------+---------+---------+-------
